Map: Muro dorado EE

Players

MrFercho

  • Race: Zerg Zerg
  • League: Gold
  • Spawn Location: 5:00

PyrexVision - Winner!

  • Race: Terran Terran
  • League: Silver
  • Spawn Location: 7:00

VOD

Have the link to the VOD?

Description

Time

  • Played on: July 24, 2020, 7:01 p.m.
  • Length: 13:27
Show
View Real Time Build Order
Export as new Build Order

MrFercho Zerg 

Build Orders: Hatch First 

Get SALT Encoding   

  12  0:01  Drone  
  13  0:13  Overlord  
  13  0:17  Drone  
  14  0:31  Drone x2  
  16  0:52  Hatchery  
  16  0:53  Drone  
  16  0:57  Drone  
  17  1:01  Drone  
  18  1:06  Extractor  
  17  1:17  Spawning Pool  
  16  1:19  Drone  
  16  1:23  Drone  
  18  1:29  Drone  
  19  1:39  Drone  
  20  1:50  Overlord  
  20  2:01  Drone  
  20  2:04  Queen x2  
  20  2:06  Drone  
  26  2:13  Zergling x2  
  27  2:20  Zergling x2  
  28  2:24  Zergling x2  
  29  2:37  Drone  
  29  2:38  Drone x2  
  32  2:44  Queen  
  32  2:46  Drone  
  32  2:49  Metabolic Boost  
  35  2:51  Lair  
  35  2:56  Drone  
  36  3:01  Overlord  
  36  3:22  Drone x7  
  43  3:36  Drone  
  44  3:58  Overlord x2, Roach Warren  
  44  4:00  Overlord  
  44  4:02  Evolution Chamber  
  42  4:07  Evolution Chamber  
  41  4:23  Drone  
  42  4:24  Drone x2  
  42  4:25  Drone x6  
  42  4:30  Extractor  
  49  4:32  Extractor  
  49  4:33  Zerg Missile Weapons Level 1  
  49  4:35  Zerg Ground Armor Level 1  
  48  4:48  Drone x2  
  50  4:57  Overseer  
  50  4:59  Overlord  
  50  5:00  Overlord x2  
  50  5:01  Drone  
  51  5:14  Hydralisk Den  
  50  5:15  Extractor  
  49  5:30  Infestation Pit  
  49  5:35  Hatchery, Drone x4  
  51  5:36  Hatchery  
  51  5:38  Drone x2  
  51  5:39  Drone  
  53  6:05  Spore Crawler  
  52  6:15  Roach x9  
  70  6:25  Hatchery  
  69  6:32  Drone  
  70  6:33  Drone  
  71  6:45  Zerg Missile Weapons Level 2, Zerg Ground Armor Level 2  
  71  6:52  Hive  
  71  6:59  Muscular Augments  
  71  7:04  Overlord x3  
  71  7:05  Overlord, Hydralisk x2  
  75  7:08  Drone  
  75  7:09  Drone x4  
  80  7:25  Drone x8  
  88  7:32  Drone x4  
  88  7:33  Drone x3  
  88  7:36  Extractor  
  94  7:39  Queen  
  94  7:40  Extractor  
  95  8:07  Overlord x3  
  95  8:08  Overseer x2  
  95  8:10  Grooved Spines, Pneumatized Carapace  
  95  8:31  Drone x4  
  95  8:32  Drone x14  
  95  8:33  Drone x4  
  95  8:34  Drone x3  
  118  8:39  Hatchery  
  119  9:06  Spire  
  119  9:08  Lurker Den  
  117  9:19  Extractor  
  117  9:20  Extractor  
  115  9:25  Hydralisk x20  
  115  9:26  Hydralisk  
  115  9:28  Overlord  
  115  9:29  Overlord  
  157  9:40  Overlord x2  
  157  9:41  Overlord  
  157  9:45  Overlord x3  
  157  9:55  Hydralisk x3  
  157  9:57  Overlord x3  
  163  10:07  Queen  
  165  10:16  Seismic Spines  
  165  10:19  Greater Spire  
  165  10:25  Hydralisk  
  165  10:26  Hydralisk x4  
  175  10:30  Overlord  
  174  10:40  Overlord x2  
  172  10:48  Hydralisk x8  
  172  10:49  Hydralisk  
  138  10:57  Hydralisk x4  
  128  11:11  Hydralisk x7  
  128  11:14  Adaptive Talons  
  142  11:24  Spine Crawler  
  142  11:25  Hydralisk, Spine Crawler  
  124  11:26  Spine Crawler, Hydralisk x4  
  113  11:36  Hydralisk x5  
  113  11:43  Hydralisk x6  
  113  11:45  Zergling x4  
  118  11:54  Hydralisk x7  
  118  11:59  Lair  
  112  12:09  Hydralisk x3  
  112  12:10  Hydralisk x2  
  87  12:23  Lurker x2  
  87  12:25  Hydralisk  
  87  12:26  Hydralisk x4  
  84  12:44  Hydralisk x4  
  84  12:46  Hydralisk  
  84  12:58  Hydralisk x2  
  84  12:59  Hydralisk x2  
  85  13:06  Spine Crawler  
  85  13:08  Spine Crawler  
Show
View Real Time Build Order
Export as new Build Order

PyrexVision Terran - Winner!

Build Orders: Reaper Expand 

Get SALT Encoding   

  12  0:00  SCV  
  13  0:13  SCV  
  14  0:18  Supply Depot  
  14  0:25  SCV  
  15  0:39  SCV  
  15  0:41  Barracks  
  16  0:45  Refinery  
  16  0:51  SCV  
  17  0:58  Refinery  
  17  1:04  SCV  
  18  1:16  SCV  
  19  1:30  Orbital Command  
  19  1:32  Reaper  
  20  1:48  Command Center  
  21  2:01  SCV  
  21  2:07  Supply Depot  
  21  2:14  SCV  
  22  2:19  Factory  
  22  2:27  Barracks Reactor  
  22  2:28  SCV  
  23  2:33  Supply Depot  
  23  2:40  SCV  
  23  2:52  SCV  
  23  2:56  Bunker  
  24  3:00  Orbital Command  
  24  3:04  SCV  
  25  3:06  Starport  
  25  3:16  Barracks Reactor  
  25  3:23  Hellion x2  
  29  3:29  Supply Depot  
  29  3:41  SCV x2  
  29  3:44  Hellion  
  29  3:45  Hellion  
  35  3:53  Marine x2, SCV  
  38  4:06  Hellion x2  
  38  4:08  Starport Reactor  
  42  4:10  Marine  
  42  4:11  Marine  
  44  4:18  SCV x2  
  46  4:27  Armory  
  46  4:30  SCV x2  
  48  4:32  Marine  
  48  4:33  Marine  
  48  4:35  Hellion x2  
  54  4:42  SCV x2  
  56  4:56  SCV x2  
  56  4:58  Command Center  
  56  4:59  Marine x2  
  60  5:05  Viking  
  62  5:17  Viking, SCV  
  62  5:19  Supply Depot  
  62  5:21  SCV  
  66  5:22  Supply Depot  
  66  5:26  Hellbat  
  68  5:32  Hellbat  
  70  5:37  SCV x2  
  70  5:42  Supply Depot  
  72  5:49  SCV  
  73  5:52  Hellbat  
  73  5:53  Hellbat  
  77  6:02  Refinery  
  77  6:04  Refinery  
  77  6:07  SCV x2  
  77  6:10  Viking  
  81  6:11  Viking  
  81  6:13  Hellbat  
  81  6:17  Orbital Command  
  85  6:19  SCV  
  86  6:26  SCV  
  86  6:28  Hellbat  
  86  6:31  SCV  
  86  6:32  Marine  
  90  6:34  Marine, Hellbat  
  90  6:38  Terran Vehicle Weapons Level 1  
  94  6:49  Hellbat  
  94  6:50  Orbital Command  
  96  7:02  Marine x2  
  96  7:04  Hellbat  
  96  7:05  Armory  
  96  7:07  Viking  
  96  7:08  Viking  
  104  7:11  Hellbat  
  106  7:18  Factory  
  106  7:23  Factory  
  106  7:25  Hellbat  
  106  7:26  SCV x2  
  110  7:30  SCV  
  111  7:38  Hellbat, SCV x2  
  111  7:42  SCV  
  116  7:46  Factory  
  116  7:51  Starport  
  116  7:54  Hellbat  
  118  8:03  Marine x2  
  120  8:06  Factory Tech Lab  
  120  8:07  Factory Tech Lab  
  120  8:17  Terran Vehicle And Ship Armor Level 1  
  120  8:22  SCV x3  
  123  8:28  Refinery  
  123  8:29  Refinery  
  123  8:34  Supply Depot, SCV x3  
  123  8:39  Supply Depot x2, Marine  
  123  8:40  Marine  
  128  8:44  Hellbat x2  
  128  8:45  Siege Tank  
  135  8:51  Factory Tech Lab  
  135  8:54  Starport Reactor  
  135  8:56  Siege Tank  
  135  8:58  Supply Depot, Marine x2  
  140  9:07  SCV x2  
  140  9:08  SCV  
  143  9:13  Siege Tank  
  143  9:14  Hellbat x2  
  143  9:15  Viking  
  143  9:16  Marine x2  
  154  9:17  Viking  
  154  9:19  SCV  
  157  9:40  Hellbat x2  
  157  9:41  Thor  
  167  9:52  Command Center  
  167  10:02  Hellbat x2  
  167  10:04  Thor  
  177  10:07  Viking  
  177  10:10  Viking  
  181  10:14  Thor  
  181  10:15  Viking  
  181  10:17  Viking  
  192  10:35  SCV x2  
  192  10:36  SCV  
  194  10:47  SCV  
  194  10:48  SCV  
  151  11:01  Thor, Hellbat  
  151  11:02  Thor x2, Hellbat  
  151  11:04  Viking  
  152  11:44  Thor  
  151  11:47  Thor x2  
  151  11:48  Hellbat x2  
  151  11:50  Marine x2  
  154  12:10  Hellbat x2  
  153  12:17  Marine x2  
  155  12:27  Thor  
  161  12:30  Thor x2  
Tags
 
Add a new tag
Caveats
  • Supply blocks, unpowered buildings, or Contaminate may cause inaccurate times.
  • Supply counts are checked every 10 seconds.